Map: Catalyst LE

Players

Kozzy

  • Race: Protoss Protoss
  • League: Gold
  • Spawn Location: 5:00

Keysersoze - Winner!

  • Race: Protoss Protoss
  • League: Gold
  • Spawn Location: 11:00

VOD

Have the link to the VOD?

Description

Time

  • Played on: April 1, 2018, 5:13 a.m.
  • Length: 14:47
Show
View Real Time Build Order
Export as new Build Order

Kozzy Protoss 

Build Orders:  

Get SALT Encoding   

  12  0:03  Probe  
  13  0:16  Probe  
  13  0:17  Pylon  
  14  0:29  Probe  
  15  0:39  Gateway  
  15  0:42  Probe  
  16  0:48  Assimilator  
  16  0:58  Assimilator  
  16  1:00  Probe (Chrono Boost)  
  17  1:10  Probe (Chrono Boost)  
  18  1:15  Probe (Chrono Boost)  
  18  1:17  Pylon  
  19  1:26  Probe  
  19  1:32  Cybernetics Core  
  20  1:34  Pylon  
  20  1:45  Probe (Chrono Boost)  
  21  1:49  Zealot (Chrono Boost)  
  24  1:56  Probe (Chrono Boost)  
  24  2:02  Probe  
  25  2:14  Probe  
  25  2:15  Gateway  
  26  2:36  Pylon  
  26  2:40  Warp Gate  
  26  2:48  Forge  
  26  2:55  Stalker  
  28  3:03  Stalker  
  30  3:09  Pylon  
  30  3:17  Probe  
  30  3:18  Protoss Ground Weapons Level 1 (Chrono Boost)  
  31  3:42  Probe  
  32  3:58  Stalker (Chrono Boost), Shield Battery  
  36  4:05  Stalker (Chrono Boost)  
  36  4:06  Photon Cannon  
  36  4:07  Shield Battery  
  36  4:09  Pylon  
  36  4:21  Stalker (Chrono Boost)  
  38  4:30  Stalker  
  40  4:40  Twilight Council  
  40  4:44  Pylon  
  40  5:12  Gateway  
  40  5:21  Gateway  
  40  5:25  Blink (Chrono Boost)  
  40  5:26  Gateway  
  40  5:27  Stalker x2  
  44  5:39  Pylon  
  44  6:01  Gateway  
  44  6:05  Protoss Ground Weapons Level 2  
  44  6:09  Stalker x2  
  47  6:22  Photon Cannon  
  47  6:24  Shield Battery  
  47  6:31  Pylon  
  47  6:53  Stalker x3  
  53  6:58  Stalker  
  43  7:29  Stalker x3  
  39  7:30  Stalker  
  35  7:48  Robotics Facility  
  35  7:59  Photon Cannon  
  35  8:12  Stalker x2  
  39  8:23  Shield Battery  
  39  8:30  Stalker  
  39  8:31  Stalker  
  43  8:36  Observer (Chrono Boost)  
  43  8:37  Charge (Chrono Boost)  
  44  8:50  Observer (Chrono Boost)  
  45  8:57  Protoss Ground Weapons Level 3 (Chrono Boost)  
  45  9:11  Stalker  
  47  9:39  Observer  
  33  10:38  Nexus  
  33  10:41  Pylon  
  33  10:44  Warp Prism  
  33  10:49  Stalker x2  
  39  11:17  Stalker  
  41  11:18  Stalker  
  43  11:34  Photon Cannon  
  43  12:04  Zealot x3  
  49  12:14  Zealot x2  
  43  12:56  Observer  
  44  12:59  Zealot x5  
  44  13:21  Zealot x2  
  44  13:22  Zealot x3  
  44  13:43  Stalker x4  
  52  13:49  Stalker  
  48  14:11  Stalker x3  
  48  14:15  Stalker  
  52  14:30  Stalker  
  44  14:34  Zealot x2  
  36  14:39  Zealot  
Show
View Real Time Build Order
Export as new Build Order

Keysersoze Protoss - Winner!

Build Orders:  

Get SALT Encoding   

  12  0:14  Probe  
  12  0:15  Pylon  
  13  0:26  Probe  
  14  0:38  Probe  
  14  0:39  Gateway  
  15  0:50  Probe  
  16  0:58  Forge  
  16  1:03  Probe  
  17  1:10  Assimilator  
  17  1:15  Probe  
  17  1:16  Pylon  
  18  1:26  Zealot  
  18  1:27  Probe  
  21  1:39  Probe  
  22  1:42  Photon Cannon  
  22  1:51  Probe  
  22  1:53  Zealot  
  25  2:04  Cybernetics Core  
  25  2:06  Pylon  
  25  2:09  Probe  
  26  2:20  Zealot  
  26  2:21  Probe  
  29  2:25  Assimilator  
  29  2:36  Warp Gate (Chrono Boost)  
  29  2:45  Gateway  
  29  2:50  Probe  
  30  2:53  Zealot  
  30  2:58  Twilight Council  
  32  3:02  Probe  
  33  3:15  Probe  
  34  3:29  Nexus  
  34  3:33  Pylon  
  34  3:45  Photon Cannon  
  34  3:58  Pylon, Gateway  
  34  4:03  Charge (Chrono Boost)  
  34  4:32  Stargate  
  34  4:36  Stargate  
  34  4:40  Stalker  
  34  4:42  Stalker  
  38  4:51  Probe  
  39  4:58  Photon Cannon  
  39  5:03  Probe, Protoss Ground Weapons Level 1 (Chrono Boost)  
  39  5:06  Stalker  
  42  5:15  Probe, Stalker  
  45  5:26  Stalker  
  45  5:27  Probe  
  48  5:30  Stalker  
  50  5:40  Probe  
  51  5:52  Probe  
  51  5:55  Dark Shrine  
  48  6:15  Nexus  
  48  6:18  Pylon  
  48  6:28  Pylon  
  48  6:36  Probe  
  48  6:38  Photon Cannon  
  49  6:40  Stalker  
  49  6:43  Sentry  
  53  6:56  Pylon  
  53  6:57  Stalker  
  55  7:11  Dark Templar  
  55  7:13  Dark Templar  
  43  7:51  Probe  
  44  8:06  Pylon  
  44  8:12  Photon Cannon  
  44  8:20  Pylon  
  44  8:23  Stargate  
  44  8:27  Stargate  
  44  8:45  Assimilator  
  44  8:47  Stalker, Nexus  
  46  8:49  Stalker  
  46  8:51  Probe  
  49  9:03  Probe  
  49  9:06  Pylon  
  50  9:11  Void Ray  
  50  9:15  Probe  
  55  9:18  Zealot  
  57  9:27  Probe  
  57  9:28  Pylon  
  58  9:33  Stalker  
  60  9:39  Probe  
  60  9:42  Photon Cannon  
  60  9:50  Stalker  
  47  10:29  Stalker  
  47  10:30  Stalker  
  47  10:31  Stalker  
  51  10:38  Assimilator  
  51  10:41  Pylon  
  51  10:49  Gateway  
  51  10:50  Gateway  
  51  10:53  Gateway  
  51  10:54  Protoss Ground Weapons Level 2 (Chrono Boost)  
  51  10:56  Void Ray  
  55  11:00  Stalker  
  55  11:01  Stalker  
  55  11:02  Stalker  
  61  11:04  Probe  
  62  11:14  Robotics Facility  
  62  11:15  Pylon  
  62  11:16  Probe  
  63  11:24  Stalker, Blink (Chrono Boost)  
  65  11:25  Stalker  
  65  11:28  Probe  
  68  11:32  Stalker  
  70  11:55  Stalker  
  70  11:56  Stalker  
  74  12:01  Observer (Chrono Boost)  
  75  12:15  Dark Templar  
  77  12:18  Dark Templar  
  77  12:19  Void Ray  
  83  12:23  Dark Templar  
  82  12:37  Zealot  
  82  12:39  Probe  
  82  12:42  Void Ray  
  89  12:46  Probe  
  89  12:51  Probe, Observer  
  92  13:02  Void Ray  
  96  13:21  Zealot  
  96  13:23  Zealot  
  96  13:24  Stalker  
  94  13:44  Photon Cannon  
  94  13:46  Pylon  
  94  13:53  Observer  
  85  14:05  Stalker  
  85  14:06  Stalker  
  88  14:12  Stalker  
  88  14:13  Stalker  
  88  14:15  Stalker  
  88  14:16  Stalker  
Tags
 
League
GoldGold
Matchup
PvP
Spawn Locations
Cross Positions
Add a new tag
Caveats
  • Supply blocks, unpowered buildings, or Contaminate may cause inaccurate times.
  • Supply counts are checked every 10 seconds.